 Dungeon Crawl Stone Soup version 0.27-a0-1519-gc8121b24ce (console) character file.

Game seed: 8951896588493313499

238 MakMorn the Magician (level 5, 0/28 HPs)
             Began as a Deep Elf Hedge Wizard on July 10, 2021.
             Slain by a black bear (2 damage)
             ... on level 4 of the Dungeon.
             The game lasted 00:14:45 (4675 turns).

MakMorn the Magician (Deep Elf Hedge Wizard)        Turns: 4675, Time: 00:14:47

Health: 0/28       AC:  5    Str:  7    XL:     5   Next: 78%
Magic:  3/15       EV: 11    Int: 20    God:
Gold:   109        SH:  5    Dex: 14    Spells: 8/16 levels left

rFire    . . .     SeeInvis +   a - staff of conjuration
rCold    . . .     Faith    .   i - +1 buckler
rNeg     . . .     Spirit   .   d - +1 leather armour {rPois}
rPois    +         Reflect  .   c - +0 hat
rElec    .         Harm     .   (no cloak)
rCorr    .         Rampage  .   g - +0 pair of gloves
Will     +....                  (no boots)
Stlth    ++........             n - amulet of regeneration
HPRegen  1.09/turn              S - ring of see invisible
MPRegen  0.14/turn              t - ring of willpower

@: very slightly contaminated
A: no striking features
a: no special abilities


You were on level 4 of the Dungeon.
You visited 1 branch of the dungeon, and saw 4 of its levels.

You collected 109 gold pieces.

Inventory:

Hand Weapons
 b - a +1 short sword of protection
 e - a +0 short sword
 k - a +0 dagger
 s - a +3 short sword
 u - a +0 rapier
Missiles
 f - 131 stones
 o - 37 poisoned darts
Armour
 c - a +0 hat (worn)
 d - a +1 leather armour of poison resistance (worn)
 g - a +0 pair of gloves (worn)
 i - a +1 buckler (worn)
 q - a +0 robe
Magical Staves
 a - a staff of conjuration (weapon)
Jewellery
 n - an amulet of regeneration (around neck)
 t - a ring of willpower (right hand)
 S - a ring of see invisible (left hand)
Scrolls
 j - 2 scrolls of identify
 l - a scroll of vulnerability
 m - a scroll of magic mapping
 v - 2 scrolls of immolation {unknown}
Potions
 h - a potion of heal wounds
 p - a potion of attraction
 r - a potion of haste {unknown}


   Skills:
 - Level 2.4 Dodging
 - Level 2.4 Stealth
 * Level 0.8 Shields
 + Level 6.2 Spellcasting
 * Level 3.8 Conjurations
 * Level 2.2 Summonings
 - Level 1.1 Translocations
 * Level 1.3 Air Magic
 * Level 1.2 Poison Magic


You had 8 spell levels left.
You knew the following spells:

 Your Spells              Type           Power      Damage    Failure   Level
a - Magic Dart            Conj           100%       1d8       4%          1
c - Mephitic Cloud        Conj/Pois/Air  22%        N/A       28%         3
i - Call Imp              Summ           15%        N/A       14%         2
B - Blink                 Tloc           N/A        N/A       22%         2

Your spell library contained the following spells:

 Spells                   Type           Power      Damage    Failure   Level
 Conjure Flame            Conj/Fire      20%        6-21      32%         3
 Slow                     Hex            6%         N/A       34%         2


Dungeon Overview and Level Annotations

Branches:
Dungeon (4/15)
 Temple: D:4-7

Altars:


Message History

You block the black bear's attack. The black bear closely misses you.
Casting: Magic Dart (safe; 4% risk of failure)
Confirm with . or Enter, or press ? or * to list all spells.
Aiming: Magic Dart (safe; 4% risk of failure)
Press: ? - help, Shift-Dir - straight line, f/p - black bear
Aim: a black bear (severely wounded, berserk, 100% to hit)
You feel a surge of power!
You miscast Magic Dart.
Nothing appears to happen.
You block the black bear's attack. The black bear barely misses you.
The black bear claws you but does no damage.
Unknown command.
Casting: Magic Dart (safe; 4% risk of failure)
Confirm with . or Enter, or press ? or * to list all spells.
Aiming: Magic Dart (safe; 4% risk of failure)
Press: ? - help, Shift-Dir - straight line, f/p - black bear
Aim: a black bear (severely wounded, berserk, 100% to hit)
You feel a surge of power!
The magic dart hits the black bear!
The black bear is almost dead.
You block the black bear's attack. The black bear claws you.
* * * LOW HITPOINT WARNING * * *
The black bear claws you but does no damage.
The black bear misses you. The black bear barely misses you.
The black bear claws you.
* * * LOW HITPOINT WARNING * * *
Unknown command.
Casting: Magic Dart (safe; 4% risk of failure)
Confirm with . or Enter, or press ? or * to list all spells.
The spell is extremely dangerous to cast (28% risk of failure)!
Continue anyway?
Aiming: Mephitic Cloud (extremely dangerous; 28% risk of failure)
Press: ? - help, Shift-Dir - straight line, f/p - black bear
Aim: a black bear (almost dead, berserk, chance to affect: 72%)
You feel a surge of power!
The ball explodes into a vile cloud!
The stinking cloud engulfs the black bear but does no damage.
The black bear is almost dead.
The stinking cloud engulfs you but does no damage.
You hear a shout! x3
The black bear is engulfed in noxious fumes.
The black bear bites you.
* * * LOW HITPOINT WARNING * * *
The black bear claws you.
You die...

....# #.# ..... .#
#.#.# #. # #.#.#
#.# ...# #.#.# #.#
.... #.#.# #.#
..... #.#.####.#
......
#.<....#.###.....#
##.......)@h§...#
##.##..#.§○#####
####...........
######.##### .# >.
###


You could see a black bear (berserk).

Vanquished Creatures
  A hound (D:4)
  An orc priest (D:3)
  An orc wizard (D:3)
  2 adders (D:3)
  4 gnolls
  3 worms
  A dart slug (D:2)
  2 orcs (D:3)
  7 endoplasms
  4 giant cockroaches
  11 goblins
  6 hobgoblins
  A jackal (D:2)
  8 quokkas
  7 ball pythons
  6 bats
  4 frilled lizards
  7 kobolds
  3 rats
79 creatures vanquished.

Vanquished Creatures (collateral kills)
  3 jackals (D:1)
3 creatures vanquished.

Grand Total: 82 creatures vanquished

Notes
Turn   | Place    | Note
-------+----------+-------------------------------------------
     0 | D:1      | MakMorn the Deep Elf Hedge Wizard began the quest for the
                  | Orb.
     0 | D:1      | Reached XP level 1. HP: 10/10 MP: 7/7
   425 | D:1      | Reached XP level 2. HP: 15/15 MP: 5/9
   548 | D:1      | Learned a level 2 spell: Call Imp
   551 | D:1      | Learned a level 2 spell: Blink
   906 | D:1      | Reached skill level 5 in Spellcasting
  1690 | D:1      | Reached XP level 3. HP: 7/19 MP: 7/11
  1694 | D:1      | Learned a level 3 spell: Mephitic Cloud
  2983 | D:3      | Reached XP level 4. HP: 24/24 MP: 6/13
  3256 | D:3      | Found a faded altar of an unknown god.
  3489 | D:3      | Reached skill level 1 in Air Magic
  3829 | D:3      | Reached XP level 5. HP: 16/28 MP: 9/15
  3889 | D:3      | Reached skill level 1 in Poison Magic
  4183 | D:4      | Reached skill level 6 in Spellcasting
  4634 | D:4      | Noticed a black bear
  4675 | D:4      | Slain by a black bear

Illustrated notes

Levels and vault maps discovered:
D:1:      lightli_arrival_maybe_door_vault, layout_loops_ring, serial_rivers,
          chequers_serial_rivers_marsh, chequers_serial_rivers_micro_c,
          chequers_serial_rivers_micro_c, chequers_serial_rivers_marsh
D:2:      layout_rooms
D:3:      layout_basic, ebering_ecumenical_altar_rust
D:4:      minmay_chambers_of_threes, layout_loops_ring,
          minmay_temple_entry_nine_rooms

Skill      XL: |  1  2  3  4  5 |
---------------+----------------+-----
Spellcasting   | 5 6 |  6.2
Conjurations   | 2 3 |  3.8
Summonings     | 2 |  2.2
Air Magic      | 1 |  1.3
Poison Magic   | 1 |  1.2
Dodging        | |  2.4
Stealth        | |  2.4
Shields        | |  0.8
Translocations | |  1.1

Action                   |  1- 3 |  4- 6 || total
-------------------------+-------+-------++-------
Melee: Short sword       |     9 |       ||     9
       Staff             |       |     4 ||     4
 Cast: Magic Dart        |   139 |    90 ||   229
       Call Imp          |     1 |       ||     1
       Mephitic Cloud    |       |     4 ||     4
  Use: Scroll            |     8 |       ||     8
 Stab: Confused          |       |     1 ||     1
Armor: Leather armour    |    21 |     7 ||    28
Dodge: Dodged            |    37 |    22 ||    59
Block: Buckler           |       |    16 ||    16

Table legend: (Time is in decaauts)
 A = Elapsed time spent in this place.
 B = Non-inter-level travel time spent in this place.
 C = Inter-level travel time spent in this place.
 D = Time resting spent in this place.
 E = Time spent auto-exploring this place.
 F = Levels seen in this place.
 G = Mean time per level.
                   A        B        C        D        E       F      G
               +--------+--------+--------+--------+--------+-----+--------+
         Total |   4688 |   4297 |    391 |   1157 |   2353 |   4 | 1172.0 |
       Dungeon |   4688 |   4297 |    391 |   1157 |   2353 |   4 | 1172.0 |
               +--------+--------+--------+--------+--------+-----+--------+

Top non-repeatable levels by time:
     D:1: 1921 daAuts
     D:3: 1359 daAuts
     D:2: 1023 daAuts
     D:4: 384 daAuts
